Map: Automaton LE

Players

JimRising - Winner!

  • Race: Zerg Zerg
  • League: Grandmaster
  • Spawn Location: 9:00

GoGojOey

  • Race: Zerg Zerg
  • Spawn Location: 3:00

Event: 2019 WCS Winter Americas

VOD

Have the link to the VOD?

Description

Time

  • Played on: Feb. 3, 2019, 2:17 p.m.
  • Length: 10:03

All games in this series

Show
View Real Time Build Order
Export as new Build Order

JimRising Zerg - Winner!

Build Orders: Hatch First 

Get SALT Encoding   

  12  0:01  Drone  
  13  0:12  Overlord  
  13  0:18  Drone  
  14  0:31  Drone x2  
  14  0:34  Drone  
  17  0:55  Hatchery  
  16  0:57  Drone  
  16  1:00  Drone  
  18  1:11  Extractor  
  17  1:16  Spawning Pool  
  16  1:19  Drone  
  16  1:22  Drone  
  18  1:28  Drone  
  19  1:40  Overlord  
  19  1:52  Drone  
  20  2:01  Drone  
  21  2:03  Queen  
  21  2:06  Queen  
  21  2:08  Drone  
  26  2:11  Drone  
  26  2:15  Metabolic Boost  
  27  2:17  Drone  
  29  2:22  Drone  
  29  2:30  Drone  
  29  2:34  Overlord  
  30  2:38  Queen  
  30  2:41  Drone  
  33  2:46  Drone  
  33  2:50  Drone, Baneling Nest  
  34  2:55  Overlord  
  34  3:01  Drone  
  35  3:13  Zergling x8  
  35  3:14  Zergling x2  
  35  3:16  Zergling x2  
  35  3:17  Zergling x4  
  43  3:21  Queen  
  43  3:24  Drone  
  43  3:26  Drone  
  47  3:37  Drone  
  47  3:38  Lair  
  47  3:40  Extractor  
  47  3:42  Drone x2  
  47  3:45  Overlord  
  47  3:46  Drone  
  50  3:49  Baneling x2  
  50  3:50  Baneling  
  50  3:55  Drone x2  
  51  4:10  Extractor  
  51  4:12  Extractor  
  51  4:13  Zergling x8  
  52  4:30  Zergling x4  
  52  4:32  Baneling x2  
  52  4:34  Zergling x6  
  53  4:42  Drone x3  
  53  4:43  Drone  
  56  4:49  Drone  
  56  4:51  Spire  
  55  4:54  Baneling x2  
  55  4:56  Overlord  
  55  4:57  Drone  
  56  5:00  Drone, Hatchery  
  54  5:11  Drone x2  
  54  5:12  Drone  
  57  5:26  Zergling x2  
  57  5:27  Zergling x2  
  57  5:31  Zergling x4  
  57  5:32  Zergling x4  
  59  5:40  Overlord x2  
  59  5:42  Zergling x4  
  59  5:43  Zergling x8  
  62  5:50  Baneling x2  
  62  5:51  Baneling  
  62  5:57  Overlord, Baneling  
  62  5:58  Baneling  
  61  6:19  Baneling x2  
  61  6:21  Mutalisk x3  
  61  6:22  Mutalisk x5  
  77  6:31  Mutalisk  
  79  6:38  Mutalisk  
  79  6:39  Zergling x2  
  81  6:43  Mutalisk  
  81  6:56  Mutalisk  
  81  6:57  Zergling x4  
  81  6:58  Zergling x12  
  90  7:02  Zerg Flyer Weapons Level 1  
  90  7:09  Overlord  
  90  7:11  Overlord  
  90  7:12  Overlord  
  90  7:13  Drone  
  90  7:14  Drone  
  88  7:26  Mutalisk x2  
  92  7:33  Mutalisk  
  92  7:34  Overlord  
  92  7:36  Drone x7  
  92  7:37  Drone x4  
  104  7:42  Mutalisk  
  107  7:48  Mutalisk  
  109  7:56  Drone x2  
  111  8:04  Overlord x2  
  111  8:05  Extractor, Drone x3  
  111  8:06  Extractor, Drone x3  
  111  8:08  Mutalisk x2  
  119  8:13  Drone  
  119  8:17  Baneling x4  
  119  8:18  Evolution Chamber  
  119  8:22  Zergling x4  
  119  8:23  Zergling x2  
  119  8:25  Drone x2  
  119  8:26  Drone x2  
  126  8:31  Zergling x6  
  126  8:33  Zergling x6  
  132  8:35  Drone x2  
  123  8:42  Drone x3  
  124  8:53  Drone x3  
  124  8:54  Drone x3  
  130  9:02  Overlord  
  130  9:04  Mutalisk x3  
  133  9:10  Mutalisk  
  99  9:40  Zergling x2  
  99  9:41  Zergling x22  
Show
View Real Time Build Order
Export as new Build Order

GoGojOey Zerg 

Build Orders: Hatch First 

Get SALT Encoding   

  12  0:00  Drone  
  13  0:13  Overlord  
  13  0:18  Drone  
  14  0:31  Drone x2  
  16  0:50  Hatchery  
  16  0:53  Drone  
  16  0:58  Drone  
  16  1:00  Drone  
  18  1:12  Extractor  
  18  1:15  Spawning Pool  
  16  1:18  Drone  
  16  1:22  Drone  
  18  1:29  Drone  
  19  1:40  Drone  
  20  1:49  Overlord  
  20  2:02  Queen x2  
  20  2:03  Drone x2  
  26  2:11  Drone  
  26  2:12  Metabolic Boost  
  27  2:15  Drone  
  28  2:23  Drone  
  28  2:24  Drone  
  30  2:33  Drone  
  32  2:37  Drone  
  32  2:45  Hatchery  
  31  2:53  Baneling Nest  
  31  2:54  Drone  
  31  2:56  Drone  
  31  2:58  Overlord  
  32  3:01  Drone  
  32  3:05  Zergling x2  
  34  3:10  Queen  
  36  3:21  Evolution Chamber  
  36  3:22  Drone x4  
  36  3:24  Zergling x2  
  36  3:27  Zergling x2  
  41  3:30  Zergling x2  
  41  3:31  Zergling x2  
  43  3:34  Overlord  
  43  3:39  Drone  
  44  3:43  Baneling x2  
  44  3:45  Overlord  
  44  3:51  Baneling  
  44  3:58  Queen  
  44  4:00  Drone x4  
  50  4:09  Zerg Melee Weapons Level 1  
  49  4:10  Drone x2  
  49  4:11  Drone x4  
  54  4:18  Zergling x2  
  47  4:31  Zergling x10  
  47  4:34  Drone  
  47  4:35  Drone  
  49  4:39  Drone x2  
  49  4:43  Drone x2  
  52  4:58  Extractor x2  
  52  4:59  Zergling x8  
  54  5:04  Queen  
  54  5:05  Queen  
  56  5:08  Drone x3  
  56  5:11  Queen  
  56  5:13  Zergling x2  
  57  5:16  Zergling x2  
  57  5:18  Baneling x3  
  56  5:24  Zergling x8  
  56  5:25  Zergling x2  
  56  5:30  Zergling x2  
  56  5:31  Zergling x4  
  57  5:40  Drone x4  
  57  5:41  Drone  
  61  5:45  Drone x2  
  61  5:47  Drone  
  64  5:56  Overlord x2  
  64  6:03  Overlord  
  64  6:04  Lair  
  64  6:10  Baneling  
  64  6:11  Baneling x5  
  60  6:19  Zergling x10  
  60  6:21  Overlord  
  64  6:36  Zergling x20  
  74  6:42  Drone x3  
  74  6:44  Drone  
  74  6:46  Queen  
  79  6:50  Queen  
  75  6:57  Baneling x2  
  75  6:58  Baneling x2  
  72  7:06  Drone x2, Spire  
  72  7:07  Spore Crawler  
  72  7:08  Spore Crawler  
  72  7:10  Spore Crawler  
  72  7:11  Queen  
  72  7:14  Spore Crawler  
  71  7:17  Zergling x10  
  75  7:27  Drone x5  
  74  7:36  Drone x2  
  76  7:37  Drone x3  
  79  7:45  Extractor, Drone x3  
  80  7:56  Overlord x2  
  80  7:57  Drone  
  81  8:00  Overlord  
  81  8:02  Overlord x2  
  81  8:09  Overlord x2  
  81  8:10  Extractor  
  80  8:13  Overlord  
  80  8:14  Queen, Overlord  
  82  8:22  Overlord x2  
  82  8:27  Corruptor  
  82  8:32  Corruptor  
  86  8:35  Corruptor  
  88  8:43  Corruptor x2  
  88  8:48  Corruptor x2  
  87  8:51  Drone x2  
  87  8:53  Extractor  
  87  8:54  Drone x2  
  87  8:55  Drone  
  94  8:56  Drone  
  95  9:03  Corruptor x2  
  99  9:12  Corruptor x2  
Tags
 
Add a new tag
Caveats
  • Supply blocks, unpowered buildings, or Contaminate may cause inaccurate times.
  • Supply counts are checked every 10 seconds.